 Dungeon Sprint DCSS version bcrawl-1.23 (webtiles) character file.

Game seed: 16462683156934936649

233 Freyura the Destroyer (level 6, -3/36 HPs)
             Began as a Fairy Conjurer on May 22, 2020.
             Was a Follower of Vehumet.
             Killed from afar by an acid dragon (19 damage)
             ... with a splash of acid
             ... in the Dungeon (Sprint IX: "|||||||||||||||||||||||||||||").
             The game lasted 00:04:28 (299 turns).

Freyura the Destroyer (Fairy Conjurer)               Turns: 299, Time: 00:04:29

Health: -3/36      AC:  8    Str:  6    XL:     6   Next: 5%
Magic:  10/17      EV: 20    Int: 21    God:    Vehumet [*.....]
Gold:   0          SH:  5    Dex: 12    Spells: 17/18 levels left

rFire    . . .     SeeInvis .   m - +8 trident of the Octopus King {venom, rElec rPois MR+}
rCold    . . .     Gourm    .   (shield currently unavailable)
rNeg     . . .     Faith    .   (armour unavailable)
rPois    +         Spirit   .   (no helmet)
rElec    +         Reflect  .   n - +0 cloak
rCorr    .         Harm     .   (no gloves)
MR       +....     NoTele   +   (no boots)
Stlth    +.........             (no amulet)
HPRegen  0.12/turn              o - +2 ring of evasion
MPRegen  0.15/turn              p - +2 ring of protection

@: flying evasively
A: small, magic attunement, unstealthy, unfitting armour, able to fly, AC/SH +5
a: Stop Flying, Renounce Religion


You were in the Dungeon.
You worshipped Vehumet.
Vehumet was aware of your devotion.
You were not hungry.

You visited 1 branch

Inventory:

Hand Weapons
 m - the +8 trident of the Octopus King (weapon) {venom, rElec rPois MR+}
   (You found it in the Dungeon)

   It poisons the flesh of those it strikes.
   It insulates you from electricity.
   It protects you from poison.
   It affects your resistance to hostile enchantments.
Armour
 n - a +0 cloak (worn)
Magical Staves
 l - an uncursed staff of energy
Jewellery
 o - a +2 ring of evasion (left hand)
 p - a +2 ring of protection (right hand)
Wands
 k - a wand of iceblast (10)
Scrolls
 h - 2 scrolls of blinking
 i - 3 scrolls of remove curse
 j - 2 scrolls of amnesia
Potions
 a - a potion of invisibility
 b - 5 potions of magic
 c - 3 potions of heal wounds
 d - 5 potions of curing
 f - a potion of haste
 g - a potion of berserk rage
Comestibles
 e - a ration {!d}


   Skills:
 + Level 0.2 Polearms
 + Level 4.4 Dodging
 - Level 1.5 Stealth
 * Level 6.5 Spellcasting
 * Level 12.9 Conjurations


You had 17 spell levels left.
You knew the following spells:

 Your Spells              Type           Power        Failure   Level  Hunger
a - Magic Dart            Conj           ####         1%          1    None

Your spell library contained the following spells:

 Spells                   Type           Power        Failure   Level  Hunger
 Sandblast                Erth           #.....       2%          1    None
 Searing Ray              Conj           ######..     1%          2    None
 Iskenderun's Mystic Bla  Conj           ######..     1%          3    None
 Fulminant Prism          Conj/Hex       ####......   1%          4    None
 Irradiate                Conj/Tmut      ####......   5%          5    None


Dungeon Overview and Level Annotations

Branches:
Dungeon (1/1)

Altars:
Cheibriados
Dithmenos
Elyvilon
Fedhas
Gozag
Hepliaklqana
Kikubaaqudgha
Lugonu
Makhleb
Nemelex Xobeh
Okawaru
Qazlal
Ru
Sif Muna
Trog
Uskayaw
Vehumet
Wu Jian
Xom
Yredelemnul
Zin
The Shining One
Beogh
Jiyva


Innate Abilities, Weirdness & Mutations

Your spells do not cause hunger and MP costs are reduced by 1.
Your bright wings attract enemies. (Stealth-)
You cannot fit into any form of body armour.
Your shimmering scales are hard and can block incoming attacks. (AC +5, SH +5)
You are small and have problems with some larger weapons.
You can fly continuously.


Message History

The howler monkey is heavily wounded.
The howler monkey misses you.
You hit the howler monkey.
The howler monkey looks more poisoned.
The howler monkey is heavily wounded.
The howler monkey hoots and howls with incredible vigour!
The howler monkey hits you but does no damage.
You puncture the howler monkey!
You kill the howler monkey!
Vehumet accepts your kill.
Vehumet is aiding your destructive magics.
Vehumet offers you knowledge of Sandblast.
You have reached level 6!
Your experience leads to an increase in your attributes!
Increase (S)trength, (I)ntelligence, or (D)exterity?
You feel clever.
Your scales feel stronger.
You hit the acid dragon but do no damage.
The acid dragon spits acid at you. The splash of acid hits you!!
Ouch! That really hurt!
You die...

▓.▓
▓.▓
▓.▓
▓)▓
▓[▓
▓.▓
▓[▓
▓.▓
▓@▓
▓D▓
▓a▓
▓Z▓
▓.▓
▓.▓
▓.▓
▓.▓


You could see a soldier ant, an acid dragon and a bat zombie.

Vanquished Creatures
  A water moccasin (D)
  A big kobold (D)
  A howler monkey (D)
  An adder (D)
  A leopard gecko (D)
  2 hobgoblins (D)
  A jackal (D)
  A kobold (D)
  A ball python skeleton (D)
  2 ball python zombies (D)
  A frilled lizard (D)
13 creatures vanquished.

Vanquished Creatures (others)
  A spatial maelstrom (D)
1 creature vanquished.

Grand Total: 14 creatures vanquished

Notes
Turn   | Place    | Note
-------+----------+-------------------------------------------
     0 | D        | Freyura the Fairy Conjurer began the quest for the Orb.
     0 | D        | Reached XP level 1. HP: 11/11 MP: 6/6
     5 | D        | Reached skill level 5 in Conjurations
     6 | D        | Banished a spatial maelstrom
     9 | D        | Reached skill level 6 in Conjurations
    11 | D        | Reached XP level 2. HP: 8/17 MP: 8/8
   196 | D        | Reached skill level 7 in Conjurations
   215 | D        | Found a roughly hewn altar of Beogh.
   215 | D        | Found a snail-covered altar of Cheibriados.
   215 | D        | Found a shadowy altar of Dithmenos.
   215 | D        | Found a white marble altar of Elyvilon.
   215 | D        | Found a blossoming altar of Fedhas.
   215 | D        | Found an opulent altar of Gozag.
   216 | D        | Found a hazy altar of Hepliaklqana.
   217 | D        | Found a viscous altar of Jiyva.
   218 | D        | Found an ancient bone altar of Kikubaaqudgha.
   219 | D        | Found a corrupted altar of Lugonu.
   220 | D        | Found a burning altar of Makhleb.
   221 | D        | Found a sparkling altar of Nemelex Xobeh.
   222 | D        | Found an iron altar of Okawaru.
   223 | D        | Found a stormy altar of Qazlal.
   224 | D        | Found a sacrificial altar of Ru.
   225 | D        | Found a shimmering blue altar of Sif Muna.
   226 | D        | Found a bloodstained altar of Trog.
   227 | D        | Found a hide-covered altar of Uskayaw.
   228 | D        | Found a radiant altar of Vehumet.
   229 | D        | Found an ornate altar of the Wu Jian Council.
   230 | D        | Found a shimmering altar of Xom.
   231 | D        | Found a basalt altar of Yredelemnul.
   232 | D        | Found a glowing silver altar of Zin.
   233 | D        | Found a glowing golden altar of the Shining One.
   236 | D        | Became a worshipper of Vehumet
   253 | D        | Found the +8 trident of the Octopus King {venom, rElec
                  | rPois MR+}
   282 | D        | Noticed a water moccasin
   282 | D        | Noticed a big kobold
   282 | D        | Noticed a howler monkey
   282 | D        | Noticed an acid dragon
   282 | D        | Noticed a soldier ant
   290 | D        | Killed a water moccasin
   290 | D        | Reached skill level 5 in Spellcasting
   290 | D        | Reached skill level 11 in Conjurations
   290 | D        | Reached XP level 3. HP: 8/21 MP: 8/11
   290 | D        | Reached XP level 4. HP: 11/27 MP: 9/13
   290 | D        | Reached XP level 5. HP: 12/31 MP: 9/14
   295 | D        | Killed a big kobold
   295 | D        | Reached skill level 12 in Conjurations
   298 | D        | Reached * piety under Vehumet
   298 | D        | Offered knowledge of Sandblast by Vehumet.
   298 | D        | Reached XP level 6. HP: 16/36 MP: 10/17
   299 | D        | Killed from afar by an acid dragon

Skill      XL: |  1  2  3  4  5 |
---------------+----------------+-----
Conjurations   | 6 11 12 | 12.9
Spellcasting   | 3 5 6 |  6.5
Dodging        | 3 4 |  4.4
Polearms       | |  0.2
Stealth        | |  1.5

Action                   |  1- 3 |  4- 6 || total
-------------------------+-------+-------++-------
Melee: Trident           |       |     6 ||     6
 Cast: Magic Dart        |    31 |     4 ||    35
Armor: Skin              |     4 |     1 ||     5
Dodge: Dodged            |    21 |     5 ||    26
Block: Other             |     4 |     1 ||     5
